 Dungeon Crawl Stone Soup version 0.27-a0-1136-g0b992a5a9d (webtiles) character file.

Game seed: 15327842576147739575

47 1player the Skirmisher (level 3, -3/33 HPs)
             Began as a Draconian Abyssal Knight on May 5, 2021.
             Was a Follower of Lugonu.
             Slain by Terence
             ... wielding a +1 short sword of speed
              (5 damage)
             ... on level 1 of the Dungeon.
             The game lasted 00:03:57 (1602 turns).

1player the Skirmisher (Draconian Abyssal Knight)   Turns: 1602, Time: 00:03:58

Health: -3/33      AC:  5    Str: 21    XL:     3   Next: 48%
Magic:  4/4        EV: 12    Int: 12    God:    Lugonu [*.....]
Gold:   62         SH:  0    Dex: 10    Spells: 2/2 levels left

rFire    . . .     SeeInvis .   a - +0 whip
rCold    . . .     Faith    .   (no shield)
rNeg     . . .     Spirit   .   (armour unavailable)
rPois    .         Reflect  .   (helmet restricted)
rElec    .         Harm     .   (no cloak)
rCorr    .         Rampage  .   (no gloves)
Will     .....                  (no boots)
Stlth    +.........             (no amulet)
HPRegen  0.11/turn              i - +6 ring of strength
MPRegen  0.09/turn              (no ring)

@: no status effects
A: AC +5, unfitting armour, cold-blooded
a: Renounce Religion, Depart the Abyss


You were on level 1 of the Dungeon.
You worshipped Lugonu.
Lugonu was aware of your devotion.
You visited 1 branch of the dungeon, and saw 2 of its levels.
You visited the Abyss 1 time.

You collected 62 gold pieces.

Inventory:

Hand Weapons
 a - a +0 whip (weapon)
 b - a +0 hunting sling
 l - a +1 mace
Missiles
 h - 44 stones
Armour
 d - a +0 tower shield
 m - a +0 kite shield
Jewellery
 c - a ring of ice
 i - a +6 ring of strength (left hand)
Scrolls
 f - a scroll of enchant weapon {unknown}
 g - a scroll of vulnerability {unknown}
 k - a scroll of identify {unknown}
 n - a scroll of summoning {unknown}
Potions
 j - a potion of flight {unknown}


   Skills:
 + Level 3.9 Fighting
 * Level 3.4 Maces & Flails
 - Level 2.1 Dodging
 - Level 2.0 Invocations


You had 2 spell levels left.
You didn't know any spells.
Your spell library was empty.

Dungeon Overview and Level Annotations

Branches:
Dungeon (2/15)

Altars:
Ru

Annotations:
D:1 Terence
D:2 Jessica


Innate Abilities, Weirdness & Mutations

Your plain brown scales are hard. (AC +5)
You cannot fit into any form of body armour.
You are cold-blooded and may be slowed by cold attacks.


Message History

You climb upwards.
There is a stone staircase leading down here.
Unknown command.
Press: ? - help, v - describe, . - travel
Here: Terence, wielding a +1 short sword of speed and wearing a +0 scale mail The floor.
Unknown command.
You shoot a stone. The stone barely misses Terence.
Terence hits you with a +1 short sword of speed!
Terence barely misses you.
a - a +0 whip (weapon)
Terence hits you with a +1 short sword of speed.
You hit Terence but do no damage. Terence barely misses you.
You hit Terence but do no damage.
Terence hits you with a +1 short sword of speed.
Terence barely misses you.
You hit Terence.
Your tail-slap misses Terence.
Terence is lightly wounded.
Terence barely misses you.
You barely miss Terence.
Terence is lightly wounded.
Terence hits you with a +1 short sword of speed.
* * * LOW HITPOINT WARNING * * *
You hit Terence but do no damage.
Terence is lightly wounded.
Terence hits you with a +1 short sword of speed.
* * * LOW HITPOINT WARNING * * *
Terence misses you.
Unknown command.
Okay, then.
You closely miss Terence.
Terence is lightly wounded.
Terence misses you.
You hit Terence but do no damage.
Terence is lightly wounded.
Terence misses you.
You hit Terence.
Terence is moderately wounded.
Terence hits you with a +1 short sword of speed.
You die...

###### #....#
#######....#####
######
#..@@.....(....#
#....#
#.#.##########.#
#.##)###.#.#
#.##
#.#......#.#
#..#
#.†.#.####.#
##.# #.#...# #.#
#.# #.#.### #.#
#.# #.#...# #.#
#.## #.###.# #†#
#..#


You could see Terence.

Vanquished Creatures
  3 dart slugs (D:1)
  5 bats
  6 endoplasms
  A giant cockroach (D:1)
  4 goblins (D:1)
  2 hobgoblins (D:1)
  3 jackals (D:1)
  3 kobolds (D:1)
  2 quokkas
  3 ball pythons
  A frilled lizard (D:1)
  3 rats
36 creatures vanquished.

Notes
Turn   | Place    | Note
-------+----------+-------------------------------------------
     0 | Abyss:1  | 1player the Draconian Abyssal Knight began the quest for
                  | the Orb.
     0 | Abyss:1  | Reached XP level 1. HP: 19/19 MP: 2/2
   145 | Abyss:1  | Noticed a blizzard demon
   146 | Abyss:1  | Noticed a large abomination
   146 | Abyss:1  | Noticed a thrashing horror
   147 | D:1      | Escaped the Abyss
   421 | D:1      | Reached XP level 2. HP: 24/26 MP: 3/3
   507 | D:1      | Reached * piety under Lugonu
  1087 | D:1      | Reached XP level 3. HP: 27/33 MP: 4/4
  1544 | D:2      | Found a sacrificial altar of Ru.
  1572 | D:2      | Noticed Jessica
  1572 | D:2      | Noticed Terence
  1602 | D:1      | Slain by Terence

Illustrated notes

Levels and vault maps discovered:
D:1:      minmay_arrival_checkered_box, layout_basic, minmay_indecisive_spiral
D:2:      layout_rooms, serial_shops, nicolae_shop_crystal, basic_altar,
          minmay_fountain_box, hangedman_abyss_or_decor_stabs,
          hangedman_decor_points, uniq_jessica, uniq_terence

Skill      XL: |  1  2 |
---------------+-------+-----
Maces & Flails | 3 |  3.4
Fighting       | |  3.9
Dodging        | |  2.1
Invocations    | |  2.0

Action                   || total
-------------------------++-------
Melee: Mace              ||    17
       Tailslap          ||     3
       Dagger            ||    42
       Short sword       ||    26
       Whip              ||     8
 Fire: Hunting sling     ||    38
Invok: Depart the Abyss  ||     1
Armor: Skin              ||    34
Dodge: Dodged            ||    83

Table legend: (Time is in decaauts)
 A = Elapsed time spent in this place.
 B = Non-inter-level travel time spent in this place.
 C = Inter-level travel time spent in this place.
 D = Time resting spent in this place.
 E = Time spent auto-exploring this place.
 F = Levels seen in this place.
 G = Mean time per level.
                   A        B        C        D        E       F      G
               +--------+--------+--------+--------+--------+-----+--------+
         Total |   1613 |   1610 |      3 |    541 |    585 |   3 |  537.7 |
       Dungeon |   1466 |   1463 |      3 |    541 |    447 |   2 |  733.0 |
         Abyss |    147 |    147 |      0 |      0 |    138 |   1 |  147.0 |
               +--------+--------+--------+--------+--------+-----+--------+

Top non-repeatable levels by time:
     D:1: 1289 daAuts
     D:2: 176 daAuts
 Abyss:1: 147 daAuts
